 Dungeon Crawl Stone Soup version 0.20.0-15-g7f486f2 (webtiles) character file.

2689 Naow the Cleaver (level 9, -20/68 HPs)
             Began as a Formicid Fighter on June 9, 2017.
             Was a Believer of Okawaru.
             Demolished by a two-headed ogre
             ... wielding a +0 giant club
              (26 damage)
             ... on level 8 of the Dungeon.
             The game lasted 00:13:29 (8915 turns).

Naow the Cleaver (Formicid Fighter)                 Turns: 8915, Time: 00:13:30

Health: -20/68     AC: 11    Str: 23    XL:     9   Next: 96%
Magic:  8/9        EV:  9    Int:  7    God:    Okawaru [**....]
Gold:   408        SH: 11    Dex: 10    Spells: 8/8 levels left

rFire    . . .     SeeInvis +   D - +0 battleaxe
rCold    . . .     Gourm    .   c - +0 shield
rNeg     . . .     Faith    .   b - +0 scale mail
rPois    +         Spirit   .   (helmet unavailable)
rElec    .         Reflect  .   H - +1 cloak of Igotzudd {rPois rCorr Str-2 Slay+3}
rCorr    +         Harm     .   (no gloves)
MR       .....                  i - +1 pair of boots
Stlth    ..........             (no amulet)
Regen    0.3/turn               x - ring of resist corrosion
MPRegen  0.2/turn               (no ring)

@: drained
A: permanent stasis, dig shafts and tunnels, four strong arms, antennae 3
a: Dig, Shaft Self, Heroism, Renounce Religion


You were on level 8 of the Dungeon.
You worshipped Okawaru.
Okawaru was pleased with you.
You were not hungry.

You visited 2 branches of the dungeon, and saw 9 of its levels.

You collected 408 gold pieces.

Inventory:

Hand Weapons
 a - a +0 war axe
 D - a +0 battleaxe (weapon)
Armour
 b - a +0 scale mail (worn)
 c - a +0 shield (worn)
 i - a +1 pair of boots (worn)
 t - a +0 cloak
 H - the +1 cloak of Igotzudd (worn) {rPois rCorr Str-2 Slay+3}
   (You found it on level 7 of the Dungeon)

   It affects your strength (-2).
   It affects your accuracy and damage with ranged weapons and melee attacks
   (+3).
   It protects you from poison.
   It protects you from acid and corrosion.
Jewellery
 x - a ring of resist corrosion (left hand)
Wands
 E - a wand of random effects (28/48)
Scrolls
 e - 3 scrolls of enchant armour
 l - 5 scrolls of identify
 n - a scroll of recharging {unknown}
 q - a scroll of blinking {unknown}
 r - 4 scrolls of teleportation {unknown}
 v - 4 scrolls of remove curse {unknown}
 w - a scroll of fog {unknown}
 y - 2 scrolls of magic mapping {unknown}
 A - a scroll of enchant weapon {unknown}
 B - a scroll of noise {unknown}
Potions
 d - 3 potions of might
 j - 2 potions of curing {unknown}
 k - 4 potions of heal wounds
 m - 2 potions of flight {unknown}
 o - 3 potions of brilliance
 u - a potion of mutation {unknown}
 z - a potion of berserk rage {unknown}
 C - a potion of degeneration {unknown}
 G - a potion of agility {unknown}
 I - a potion of invisibility {unknown}
Books
 h - a book of Minor Magic

   Spells                             Type                      Level
   a - Magic Dart                     Conjuration                  1
   b - Blink                          Translocation                2
   c - Call Imp                       Summoning                    2
   d - Slow                           Hexes                        2
   e - Conjure Flame                  Conjuration/Fire             3
   f - Mephitic Cloud                 Conjuration/Poison/Air       3
Comestibles
 f - 3 bread rations
 g - 3 meat rations
 p - 2 royal jellies
 s - 3 fruits


   Skills:
 + Level 5.2 Fighting
 * Level 10.7 Axes
 - Level 3.2 Armour
 - Level 8.3 Shields


You had 8 spell levels left.
You didn't know any spells.

Dungeon Overview and Level Annotations

Branches:
Dungeon (8/15)             Temple (1/1) D:4
   Lair: D:8-11

Altars:
Cheibriados
Dithmenos
Elyvilon
Fedhas
Gozag
Hepliaklqana
Kikubaaqudgha
Makhleb
Nemelex Xobeh
Okawaru
Qazlal
Ru
Sif Muna
Trog
Uskayaw
Vehumet
Xom
Yredelemnul
Zin
The Shining One

Shops:
D:6 *   D:7 *


Innate Abilities, Weirdness & Mutations

You cannot be hasted, slowed, berserked, paralysed or teleported.
You can dig through walls and to a lower floor.
Your four strong arms can wield two-handed weapons with a shield.
You have a pair of large antennae on your head. (SInv)


Message History

The two-headed ogre is severely wounded.
You feel like a meek peon again.
The two-headed ogre hits you with a giant club!
The two-headed ogre completely misses you.
You hit the two-headed ogre.
The two-headed ogre is severely wounded.
The two-headed ogre closely misses you. You block the two-headed ogre's attack.
You barely miss the two-headed ogre.
The two-headed ogre is severely wounded.
The two-headed ogre hits you with a giant club!!
The two-headed ogre barely misses you.
You hit the two-headed ogre.
The two-headed ogre is almost dead.
The two-headed ogre hits you with a giant club!!
* * * LOW HITPOINT WARNING * * *
The two-headed ogre barely misses you.
You hit the two-headed ogre.
The two-headed ogre is almost dead.
The two-headed ogre hits you with a giant club!!
You die...

..# ..{ . .(
#...#.############
#...............
#...######........
. #........
######........
#...@O5.......
###.########....
#......# ....
#......# ...
#......# ..
###'#### #.# #.#
#.#


You could see a two-headed ogre and a crimson imp.

Vanquished Creatures
  The ghost of Naow the Poker, a novice VSFi of Okawaru (D:6)
  The ghost of loom the Conjurer, an amateur DrCj (D:3)
  Sigmund (D:3)
  An orc warrior (D:7)
  A centaur (D:7)
  7 big kobolds
  2 bullfrogs (D:6)
  A gnoll sergeant (D:5)
  A scorpion (D:7)
  2 howler monkeys (D:4)
  3 crimson imps
  2 hounds (D:4)
  A jelly (D:6)
  2 orc priests
  A centaur skeleton (D:6)
  6 orc wizards
  2 bullfrog skeletons
  2 iguanas
  5 worker ants
  Robin (D:4)
  10 adders
  4 gnolls
  2 shadow imps
  4 oozes
  An adder skeleton (D:7)
  An adder zombie (D:5)
  A worm (D:4)
  4 dart slugs
  7 leopard geckos
  19 orcs
  3 ball pythons
  7 bats
  3 giant cockroaches
  17 goblins
  12 hobgoblins
  7 jackals
  51 kobolds
  4 quokkas
  A ball python skeleton (D:4)
  5 frilled lizards
  A leopard gecko skeleton (D:4)
  A quokka skeleton (D:5)
  5 rats
213 creatures vanquished.

Notes
Turn   | Place    | Note
-------+----------+-------------------------------------------
     0 | D:1      | Naow the Formicid Fighter began the quest for the Orb.
     0 | D:1      | Reached XP level 1. HP: 18/18 MP: 1/1
    35 | D:1      | Reached XP level 2. HP: 6/24 MP: 2/2
   361 | D:1      | Reached XP level 3. HP: 29/29 MP: 3/3
   538 | D:1      | Reached skill level 3 in Axes
   830 | D:2      | Reached XP level 4. HP: 35/35 MP: 4/4
  1255 | D:2      | Reached skill level 4 in Axes
  1302 | D:2      | Reached XP level 5. HP: 40/41 MP: 5/5
  1551 | D:3      | Noticed Sigmund
  1917 | D:4      | Reached skill level 5 in Shields
  1988 | D:4      | Reached skill level 5 in Axes
  1988 | D:4      | Reached XP level 6. HP: 16/47 MP: 6/6
  2340 | D:3      | Noticed loom's ghost (amateur DrCj)
  2362 | D:3      | Killed loom's ghost
  2362 | D:3      | Reached skill level 6 in Axes
  2362 | D:3      | Reached XP level 7. HP: 19/52 MP: 7/7
  2720 | D:3      | Found a white marble altar of Elyvilon.
  2840 | D:3      | Killed Sigmund
  3361 | D:4      | Found a staircase to the Ecumenical Temple.
  3410 | Temple   | Entered the Ecumenical Temple
  3706 | Temple   | Became a worshipper of Warmaster Okawaru
  3816 | D:4      | Reached skill level 7 in Axes
  3938 | D:4      | Noticed Robin
  3940 | D:4      | Reached XP level 8. HP: 58/58 MP: 8/8
  3959 | D:4      | Killed Robin
  4659 | D:5      | Entered Level 5 of the Dungeon
  5438 | D:5      | Reached skill level 8 in Axes
  5445 | D:5      | Reached * piety under Okawaru
  5946 | D:5      | Reached XP level 9. HP: 59/64 MP: 6/9
  5989 | D:5      | Reached skill level 9 in Axes
  6482 | D:6      | Found a glowing golden altar of the Shining One.
  6507 | D:6      | Found Ibauhof's Assorted Antiques.
  6968 | D:6      | Noticed Naow's ghost (novice VSFi)
  6979 | D:6      | Killed Naow's ghost
  6979 | D:6      | Reached ** piety under Okawaru
  6979 | D:6      | Reached skill level 10 in Axes
  7018 | D:6      | HP: 3/66 [poisoned by Naow's ghost]
  8035 | D:7      | Got a transparent cloak
  8046 | D:7      | Identified the +1 cloak of Igotzudd {rPois rCorr Str-2 Slay+3} (You found it on level 7 of the Dungeon)
  8250 | D:7      | Found a burning altar of Makhleb.
  8250 | D:7      | Found a hazy altar of Hepliaklqana.
  8394 | D:7      | Found Cousigoe's Assorted Antiques.
  8404 | D:7      | Reached skill level 5 in Fighting
  8890 | D:8      | Noticed a two-headed ogre
  8915 | D:8      | Demolished by a two-headed ogre

Skill      XL: |  1  2  3  4  5  6  7  8  9 |
---------------+----------------------------+-----
Shields        | 4 5 6 7 8 |  8.3
Axes           | 3 4 5 6 7 8 10 | 10.7
Fighting       | 5 |  5.2
Armour         | |  3.2

Action                   |  1- 3 |  4- 6 |  7- 9 || total
-------------------------+-------+-------+-------++-------
Melee: War axe           |    53 |   173 |   314 ||   540
       Battleaxe         |       |       |   125 ||   125
Invok: Heroism           |       |       |     2 ||     2
  Use: Potion            |       |     1 |     1 ||     2
       Scroll            |       |       |     2 ||     2
  Eat: Chunk             |       |     4 |    16 ||    20
       Meat ration       |       |       |     1 ||     1
       Fruit             |       |       |     1 ||     1
Armor: Scale mail        |    32 |    87 |   138 ||   257
Dodge: Dodged            |    22 |    74 |   157 ||   253
Block: Shield            |    39 |   104 |   266 ||   409
